 Dungeon Crawl Stone Soup version 0.26.1 (webtiles) character file.

Game seed: 6337890141840453707

463 Gadfly the Unbeliever (level 7, -2/66 HPs)
             Began as an Ogre Gladiator on Feb 7, 2021.
             Slain by a worker ant (8 damage)
             ... on level 4 of the Dungeon.
             The game lasted 00:04:07 (4807 turns).

Gadfly the Unbeliever (Ogre Gladiator)              Turns: 4807, Time: 00:04:07

Health: -2/66      AC:  4    Str: 20 (21) XL:     7   Next: 7%
Magic:  9/9        EV: 10    Int:  7 (9)  God:
Gold:   143        SH:  0    Dex:  7 (10) Spells: 6/6 levels left

rFire    . . .     SeeInvis .   a - +0 flail
rCold    + . .     Faith    .   (no shield)
rNeg     . . .     Spirit   .   b - +0 robe
rPois    .         Reflect  .   c - +0 hat
rElec    .         Harm     .   l - +0 cloak
rCorr    .         Rampage  .   (gloves unavailable)
Will     .....                  (boots unavailable)
Stlth    +.........             (no amulet)
HPRegen  0.21/turn              f - ring of protection from cold
MPRegen  0.11/turn              (no ring)

@: lethally poisoned (-2 -> -20), attractive, hasted, very quick
A: large, unfitting armour, tough skin 1
a: no special abilities


You were on level 4 of the Dungeon.
You visited 1 branch of the dungeon, and saw 4 of its levels.

You collected 143 gold pieces.

Inventory:

Hand Weapons
 a - a +0 flail (weapon)
 i - a +0 trident of protection
Missiles
 d - 4 throwing nets
 s - 5 boomerangs (quivered)
Armour
 b - a +0 robe (worn)
 c - a +0 hat (worn)
 l - a +0 cloak (worn)
Jewellery
 f - a ring of protection from cold (left hand)
Wands
 g - a wand of paralysis (7)
 t - a wand of enslavement (10)
Scrolls
 m - 4 scrolls of teleportation
 n - 2 scrolls of fear
Potions
 e - 2 potions of cancellation
 j - a potion of might
 k - a potion of degeneration
 o - 2 potions of flight
 p - a potion of resistance {unknown}
 r - a potion of lignification {unknown}


   Skills:
 - Level 2.6 Fighting
 + Level 3.4 Maces & Flails
 + Level 3.0 Throwing
 * Level 2.7 Armour
 - Level 2.6 Dodging
 * Level 3.7 Invocations
 * Level 2.7 Evocations


You had 6 spell levels left.
You didn't know any spells.
Your spell library was empty.

Dungeon Overview and Level Annotations

Branches:
Dungeon (4/15)
 Temple: D:4-7

Altars:
Ru

Annotations:
D:3 3 runed translucent doors, foggy's ghost, amateur MiFi


Innate Abilities, Weirdness & Mutations

You are too large for most types of armour.
You have tough skin. (AC +1)


Message History

You feel attractive to monsters.
You feel sick. The worker ant bites you.
* * * LOW HITPOINT WARNING * * *
You are more poisoned.
The worker ant poisons you!
It was a potion of degeneration.
There was something very wrong with that liquid.
You feel weakened.
You feel dopey.
You feel clumsy.
* * * LOW HITPOINT WARNING * * *
You feel very sick.
The worker ant bites you but does no damage.
The worker ant barely misses you.
It was a potion of haste.
You feel yourself speed up.
* * * LOW HITPOINT WARNING * * *
You feel sick. The worker ant barely misses you.
You barely miss the worker ant.
The worker ant is heavily wounded.
* * * LOW HITPOINT WARNING * * *
You feel sick. The worker ant bites you!
You die...

#.# #.# #######.###
#..........
#..##.#####
#####...#.#
#..(..#...#
>###.#####.#..###$.#
.......@BB...## ##.#
.########o)...'.#....
#..#.##.##.#..
#..#### .# #. #.## #.
.. ..#


You could see 2 worker ants and an orc.

Vanquished Creatures
  A phantom (D:4)
  An ogre (D:4)
  A gnoll sergeant (D:2)
  A hound (D:2)
  Natasha (twice) (D:2)
  2 adders (D:3)
  5 gnolls
  A white imp (D:3)
  3 dart slugs
  A leopard gecko (D:1)
  11 orcs
  4 giant cockroaches
  9 goblins
  5 hobgoblins
  10 bats
  5 frilled lizards
  5 kobolds
  7 rats
74 creatures vanquished.

Notes
Turn   | Place    | Note
-------+----------+-------------------------------------------
     0 | D:1      | Gadfly the Ogre Gladiator began the quest for the Orb.
     0 | D:1      | Reached XP level 1. HP: 22/22 MP: 1/1
   305 | D:1      | Reached XP level 2. HP: 25/29 MP: 2/2
   636 | D:1      | Reached skill level 1 in Invocations
   668 | D:1      | Reached skill level 1 in Armour
   668 | D:1      | Reached XP level 3. HP: 26/36 MP: 3/3
  1280 | D:2      | Found a sacrificial altar of Ru.
  1334 | D:2      | Noticed Natasha
  1343 | D:2      | Killed Natasha
  1344 | D:2      | Reached skill level 1 in Evocations
  1344 | D:2      | Reached XP level 4. HP: 19/44 MP: 3/5
  1763 | D:2      | Noticed Natasha
  1770 | D:2      | Killed Natasha
  1771 | D:2      | Reached XP level 5. HP: 40/50 MP: 6/6
  3510 | D:2      | Reached XP level 6. HP: 27/59 MP: 8/8
  4425 | D:3      | Found a runed translucent gate.
  4425 | D:3      | Found a runed translucent gate.
  4425 | D:3      | Noticed foggy's ghost (amateur MiFi)
  4426 | D:3      | Found a runed translucent gate.
  4503 | D:4      | Noticed a phantom
  4537 | D:4      | Killed a phantom
  4750 | D:4      | Reached XP level 7. HP: 66/66 MP: 9/9
  4807 | D:4      | Slain by a worker ant

Illustrated notes

Levels and vault maps discovered:
D:1:      minmay_arrival_split_and_join, layout_loops_cross
D:2:      layout_basic, nicolae_ru_the_path_less_chosen, uniq_natasha
D:3:      wad_crossroads, layout_loops_ring, ebering_ghost_rock_garden
D:4:      layout_loops_ring, old_standard_altar, portal_sewer_entry_a,
          minmay_fractal_squares_gapless_5, uniq_ijyb

Skill      XL: |  1  2  3  4  5  6 |
---------------+-------------------+-----
Invocations    | 1 2 3 |  3.7
Armour         | 1 2 |  2.7
Evocations     | 1 2 |  2.7
Maces & Flails | 3 |  3.4
Throwing       | 3 |  3.0
Fighting       | |  2.6
Dodging        | |  2.6

Action                   |  1- 3 |  4- 6 |  7- 9 || total
-------------------------+-------+-------+-------++-------
Melee: Flail             |    69 |   170 |    14 ||   253
Throw: Stone             |     3 |       |       ||     3
       Boomerang         |       |    22 |     1 ||    23
  Use: Scroll            |     5 |     5 |       ||    10
       Potion            |     1 |     3 |     3 ||     7
Armor: Robe              |    32 |    66 |     3 ||   101
Dodge: Dodged            |    59 |    89 |    18 ||   166
